 Dungeon Crawl Stone Soup version bcrawl-1.35.5 (webtiles) character file.

Game seed: 5504917520563967252

88340 einarkeyser the Conjurer (level 3, -6/26 HPs)
             Began as a Draconian Conjurer on Mar 9, 2022.
             Mangled by Sigmund
             ... wielding a +1 vampiric scythe
              (10 damage)
             ... on level 2 of the Dungeon.
             The game lasted 00:02:41 (1432 turns).

einarkeyser the Conjurer (Draconian Conjurer)       Turns: 1432, Time: 00:02:41

Health: -6/26      AC:  5    Str: 10    XL:     3   Next: 0%
Magic:  2/6        EV: 12    Int: 16    God:
Gold:   38         SH:  0    Dex: 11    Spells: 6/7 levels left

rFire    . . .     SeeInvis .     - Fists (3.0)
rCold    . . .     Gourm    .   (no shield)
rNeg     . . .     Faith    .   (armour unavailable)
rPois    .         Spirit   .   (helmet restricted)
rElec    .         Reflect  .   (no cloak)
rCorr    .                      (no gloves)
MR       .....                  (no boots)
Stlth    +.........             (no amulet)
HPRegen  0.08/turn              (no ring)
MPRegen  0.10/turn              (no ring)

@: confused
A: unfitting armour, cold-blooded, AC +5
a: no special abilities


You were on level 2 of the Dungeon.
You were hungry.

You visited 1 branch of the dungeon, and saw 2 of its levels.

You collected 38 gold pieces.

Inventory:

Jewellery
 g - an uncursed ring of protection from cold {unknown}
 h - an uncursed ring of flight {unknown}
Scrolls
 c - a scroll of magic mapping {unknown}
 d - a scroll of blinking {unknown}
 f - a scroll of amnesia {unknown}
 i - 2 scrolls of identify
Potions
 b - a potion of magic
Comestibles
 e - a ration {!d}


   Skills:
 - Level 2.0 Dodging
 - Level 2.0 Stealth
 + Level 2.6 Spellcasting
 + Level 4.4 Conjurations


You had 6 spell levels left.
You knew the following spells:

 Your Spells              Type           Power        Failure   Level  Hunger
a - Magic Dart            Conj           ###.         3%          1    None

Your spell library contained the following spells:

 Spells                   Type           Power        Failure   Level  Hunger
 Searing Ray              Conj           ###.....     4%          2    ##.....
 Iskenderun's Mystic Bla  Conj           ###.....     10%         3    ####...
 Fulminant Prism          Conj/Hex       #.........   61%         4    #####..
 Irradiate                Conj/Tmut      #.........   91%         5    #######


Dungeon Overview and Level Annotations

Branches:
Dungeon (2/12)

Altars:
Sif Muna
Uskayaw

Annotations:
D:2 Sigmund


Innate Abilities, Weirdness & Mutations

Your plain brown scales are hard. (AC +5)
You cannot fit into any form of body armour.
You are cold-blooded and may be slowed by cold attacks.


Message History

You hear some strange, mumbled words.
Something tries to affect you, but you resist.
You are confused.
You hear some strange, mumbled words.
You are more confused.
You hear some strange, mumbled words.
A puff of flame appears from out of thin air!
The puff of flame hits you. Something hits you but does no damage.
You're too confused to cast spells.
Something hits you but does no damage.
You bump into the rock wall.
You bump into the rock wall.
Something hits you!
Ouch! That really hurt!
* * * LOW HITPOINT WARNING * * *
You hear some strange, mumbled words.
A puff of flame appears from out of thin air!
The puff of flame misses you. Something hits you!
You die...

#.. ####.......# #.#
#..........#
####.######.#......>.#
###.....@...._.........#
#...#.#######.#........#
######.###.#
###...#####.#####
.........[..# #....##
#....(..# .........####
#.{..# #.......#
.####..#....###.@..#
#......<#
#.#####.@.#....#
#.......# ... ###†######
##.......# ##.# #...##
##........# #.
###..####.........#
#................#
...####..)......######.#
#..............# #.#
..#####.........# #.#


There were no monsters in sight!

Vanquished Creatures
  A leopard gecko (D:1)
  A giant cockroach (D:1)
  4 goblins (D:1)
  4 hobgoblins (D:1)
  A jackal (D:1)
  6 kobolds
  A quokka (D:2)
  5 bats (D:1)
  A frilled lizard (D:1)
  A rat (D:1)
25 creatures vanquished.

Vanquished Creatures (others)
  A plant (D:2)
1 creature vanquished.

Grand Total: 26 creatures vanquished

Notes
Turn   | Place    | Note
-------+----------+-------------------------------------------
     0 | D:1      | einarkeyser the Draconian Conjurer began the quest for the
                  | Orb.
     0 | D:1      | Reached XP level 1. HP: 14/14 MP: 3/3
   208 | D:1      | Reached XP level 2. HP: 20/20 MP: 0/5
  1199 | D:1      | Found a hide-covered altar of Uskayaw.
  1281 | D:2      | Found a shimmering blue altar of Sif Muna.
  1318 | D:2      | Noticed Sigmund
  1389 | D:2      | Reached XP level 3. HP: 26/26 MP: 3/6
  1432 | D:2      | Mangled by Sigmund

Skill      XL: |  1 |
---------------+----+-----
Dodging        | 2 |  2.0
Stealth        | |  2.0
Spellcasting   | |  2.6
Conjurations   | |  4.4

Action                   || total
-------------------------++-------
Melee: Unarmed           ||    23
       Tailslap          ||     2
 Cast: Magic Dart        ||    58
  Eat: Chunk             ||     2
Armor: Skin              ||    17
Dodge: Dodged            ||    28
